Diables vs Diablos
Created - March 19, 2019 at 19:45
Goals
|
| Diables |
1 |
0 |
2 |
3 |
| Diablos |
2 |
0 |
2 |
4 |
|
Shots
|
| Diables |
12 |
7 |
17 |
36 |
| Diablos |
12 |
8 |
26 |
46 |
|
1st period
1. Diables , Mikko Lehtonen 28 (Evgeny Kuznetsov 43, Carl Gunnarsson 31) at 6:18
2. Diablos , Jordan Szwarz 24 (Marek Zagrapan 21, Cameron Gaunce 30) at 7:09
3. Diablos , Corey Trivino 20 (Bryan Bickell 21, Tyler Pitlick 32) at 7:55
Penalties :
Jordan Caron (Alm) for Hooking (Minor) at 8:38, Viktor Loov (Don) for Hooking (Minor) at 19:08
2nd period
No Goal
Penalties :
No Penalty
3rd period
4. Diables , Evgeny Kuznetsov 28 (Brandon Prust 23, Mark Fraser 18) at 0:50 (PP)
5. Diablos , Bryan Bickell 13 (Brian Dumoulin 23, Alex Petrovic 31) at 3:23
6. Diables , Jan Mursak 8 (Chris Bigras 9, Mikko Lehtonen 19) at 7:31
7. Diablos , Bryan Bickell 14 (Tyler Pitlick 33, Corey Trivino 28) at 13:50
Penalties :
Tyler Pitlick (Don) for Tripping (Minor) at 0:34
Goalie Stats
Garret Sparks (Alm), 42 saves from 46 shots - (0.913), L, 15-14-1, 59:32 minutes
Andrew Hammond (Don), 33 saves from 36 shots - (0.917), W, 17-14-4, 60:00 minutes
Players Stats for Diables
Player Name G A P +/- PIM S H SB GA TA FO MP PP MP PK MP
------------------------------------------------------------------------------------
Andrew O'Brien 0 0 0 -1 0 0 0 0 0 1 0/0 11:57 0:00 0:00
Brandon Burlon 0 0 0 -2 0 1 2 3 1 1 0/0 28:45 1:48 1:18
Brandon Prust 0 1 1 -1 0 6 2 0 1 1 2/5 21:58 1:39 0:57
Carl Gunnarsson 0 1 1 1 0 1 0 2 0 1 0/0 18:58 0:27 0:41
Chris Bigras 0 1 1 0 0 0 0 0 0 0 0/0 5:04 0:00 0:00
Chris Tierney 0 0 0 0 0 1 0 1 0 0 6/11 15:55 0:36 0:38
Christian Thomas 0 0 0 0 0 0 0 0 2 0 0/0 8:28 0:00 0:14
Cole Cassels 0 0 0 0 0 0 0 0 0 0 1/2 8:14 0:00 0:00
Daniel Zaar 0 0 0 0 0 0 0 0 1 0 0/0 8:14 0:00 0:00
Evgeny Kuznetsov 1 1 2 -1 0 4 3 2 1 1 11/35 21:01 1:39 0:00
Jamie Oleksiak 0 0 0 -1 0 1 2 0 0 0 0/0 11:40 0:00 0:00
Jan Mursak 1 0 1 0 0 6 3 0 1 1 0/1 15:57 0:36 0:18
Jordan Caron 0 0 0 -1 2 2 1 0 0 1 2/2 21:22 1:39 0:00
Louis Leblanc 0 0 0 -1 0 1 3 0 0 0 2/6 13:50 0:00 0:43
Mark Fraser 0 1 1 -2 0 1 0 1 0 2 0/0 24:38 1:48 1:18
Michal Repik 0 0 0 -1 0 2 0 1 0 0 0/0 13:07 0:00 0:00
Mikko Lehtonen 1 1 2 0 0 3 2 0 0 0 2/2 15:57 0:36 0:18
Pavel Valentenko 0 0 0 1 0 2 2 1 0 1 0/0 18:58 0:27 0:41
Taylor Beck 0 0 0 -1 0 5 2 0 2 0 0/0 13:57 0:00 0:50
Players Stats for Diablos
Player Name G A P +/- PIM S H SB GA TA FO MP PP MP PK MP
------------------------------------------------------------------------------------
Alex Petrovic 0 1 1 1 0 2 0 2 0 1 0/0 18:07 0:50 0:41
Andrei Mironov 0 0 0 0 0 0 0 0 0 1 0/0 5:35 0:00 0:00
Andrey Pedan 0 0 0 1 0 0 0 0 0 0 0/0 10:57 0:00 0:00
Barclay Goodrow 0 0 0 0 0 0 0 0 0 0 0/0 0:29 0:08 0:00
Brian Dumoulin 0 1 1 1 0 3 0 1 0 0 0/0 18:07 0:50 0:41
Bryan Bickell 2 1 3 3 0 3 1 0 0 0 0/0 15:36 0:51 0:00
Cameron Gaunce 0 1 1 0 0 2 1 2 0 2 0/0 25:21 1:09 1:34
Charles Hudon 0 0 0 0 0 1 0 0 0 0 0/1 8:46 0:00 0:00
Corey Trivino 1 1 2 3 0 7 0 0 0 0 9/12 15:36 0:51 0:00
Danny Kristo 0 0 0 0 0 2 0 1 0 1 0/0 8:46 0:00 0:00
David Musil 0 0 0 0 0 0 0 0 0 0 0/0 0:00 0:00 0:00
Jason Akeson 0 0 0 -1 0 0 1 0 2 0 1/1 21:50 1:00 1:55
Jiri Sekac 0 0 0 0 0 8 0 0 0 0 0/0 12:59 0:00 0:00
Jordan Szwarz 1 0 1 0 0 7 1 0 0 1 1/1 13:28 0:08 0:00
Lars Eller 0 0 0 -1 0 4 1 0 3 0 19/30 20:02 1:00 0:20
Marek Zagrapan 0 1 1 0 0 2 1 1 1 0 2/5 12:59 0:00 0:00
Nick Spaling 0 0 0 -1 0 2 2 0 2 2 5/9 21:50 1:00 1:55
Nikita Nesterov 0 0 0 0 0 1 0 0 0 0 0/0 5:35 0:00 0:00
Peter Holland 0 0 0 0 0 0 0 0 0 0 1/4 8:46 0:00 0:00
Philip Larsen 0 0 0 0 0 1 1 2 0 1 0/0 25:21 1:09 1:34
Sergey Tolchinsky 0 0 0 0 0 0 0 0 0 0 0/1 0:29 0:08 0:00
Tobias Lindberg 0 0 0 0 0 0 0 0 0 0 0/0 0:00 0:00 0:00
Tyler Lewington 0 0 0 0 0 0 0 0 0 0 0/0 0:00 0:00 0:00
Tyler Pitlick 0 2 2 3 2 1 1 0 2 0 0/0 15:55 0:51 0:20
Viktor Loov 0 0 0 1 2 0 1 0 0 0 0/0 11:09 0:00 0:00
3 Stars
1 - Bryan Bickell (Don)
2 - Corey Trivino (Don)
3 - Mikko Lehtonen (Alm)
Power Play
Diables - 1 on 2 Attempt(s) - 50.00%
Diablos - 0 on 1 Attempt(s) - 0.00%
Penalty Kill
Diables - 1 on 1 Attempt(s) - 100.00%
- Score 0 goal in Penalty Kill
Diablos - 1 on 2 Attempt(s) - 50.00%
- Score 0 goal in Penalty Kill
Team Stat
Diables - Hits : 22 - Faceoff Wins : 26 - Blocked Shots : 11 - Penalty Minutes : 2
Diablos - Hits : 11 - Faceoff Wins : 38 - Blocked Shots : 9 - Penalty Minutes : 4
Official
Referees : Unknown
Linesman : Unknown
Game Notes
No Game Note
Finance
Level 1 -- Attendance: 1564 (78.20%) -- Ticket Income $42,228
Level 2 -- Attendance: 777 (77.70%) -- Ticket Income $7,770
Total Attendance: 2341 (78.03%)
Total Ticket Income: $49,998
Other Income: $2,500
Total Income: $52,498
Diables
5 vs 5 Forward
Center Left Wing Right Wing Time % Phy DF OF
1 Evgeny Kuznetsov Brandon Prust Jordan Caron 40 1 2 2
2 Chris Tierney Jan Mursak Mikko Lehtonen 30 1 2 2
3 Louis Leblanc Taylor Beck Michal Repik 20 1 2 2
4 Cole Cassels Christian Thomas Daniel Zaar 10 1 2 2
5 vs 5 Defense
Defense Defense Time % Phy DF OF
1 Brandon Burlon Mark Fraser 40 1 2 2
2 Carl Gunnarsson Pavel Valentenko 30 1 2 2
3 Jamie Oleksiak Andrew O'Brien 20 1 2 2
4 Chris Bigras Brandon Burlon 10 1 2 2
PowerPlay Forward
Center Left Wing Right Wing Time % Phy DF OF
1 Evgeny Kuznetsov Brandon Prust Jordan Caron 60 1 2 2
2 Chris Tierney Jan Mursak Mikko Lehtonen 40 1 2 2
PowerPlay Defense
Defense Defense Time % Phy DF OF
1 Brandon Burlon Mark Fraser 60 1 2 2
2 Carl Gunnarsson Pavel Valentenko 40 1 2 2
Penalty Kill 4 Players Forward
Center Wing Time % Phy DF OF
1 Brandon Prust Jordan Caron 60 1 2 2
2 Mikko Lehtonen Jan Mursak 40 1 2 2
Penalty Kill 4 Players Defense
Defense Defense Time % Phy DF OF
1 Brandon Burlon Mark Fraser 60 1 2 2
2 Carl Gunnarsson Pavel Valentenko 40 1 2 2
Penalty Kill - 3 Players Forward
Forward Time % Phy DF OF
1 Brandon Prust 60 1 2 2
2 Jordan Caron 40 1 2 2
Penalty Kill - 3 Players Defense
Defense Defense Time % Phy DF OF
1 Brandon Burlon Mark Fraser 60 1 2 2
2 Carl Gunnarsson Pavel Valentenko 40 1 2 2
4 vs 4 Forward
Center Wing Time % Phy DF OF
1 Brandon Prust Jordan Caron 60 1 2 2
2 Mikko Lehtonen Jan Mursak 40 1 2 2
4 vs 4 Defense
Defense Defense Time % Phy DF OF
1 Brandon Burlon Mark Fraser 60 1 2 2
2 Carl Gunnarsson Pavel Valentenko 40 1 2 2
Last Minutes Offensive
Center Left Wing Right Wing Defense Defense
Evgeny Kuznetsov Brandon Prust Jordan Caron Brandon Burlon Mark Fraser
Last Minutes Defensive
Center Left Wing Right Wing Defense Defense
Evgeny Kuznetsov Brandon Prust Jordan Caron Brandon Burlon Mark Fraser
Goaltenders
Starting : Garret Sparks
Backup : Eric Comrie
Extra Forwards
Normal : Taylor Beck, Michal Repik, Louis Leblanc - PP : Taylor Beck, Michal Repik - PK : Louis Leblanc
Extra Defensemen
Normal : Jamie Oleksiak, Andrew O'Brien, Chris Bigras - PP : Jamie Oleksiak - PK : Andrew O'Brien, Chris Bigras
Penalty Shots
Brandon Prust, Jordan Caron, Mikko Lehtonen, Jan Mursak, Evgeny Kuznetsov
Scratches
Stephen Harper (Healthy), Emil Djuse (Healthy), Gemel Smith (Healthy), Tim Schaller (Healthy), Shayne Gostisbehere (Strained Left Knee Injury)
Matt Lindblad (Healthy), Jeremy Gregoire (Healthy), Connor Hurley (Healthy), Gustav Olofsson (Healthy), Andreas Johnsson (Healthy)
Brett Ritchie (Healthy), Mitchell Moroz (Healthy), Marc-André Bourdon (Healthy), Linus Ullmark (Healthy), Jack Campbell (Healthy)
Diablos
5 vs 5 Forward
Center Left Wing Right Wing Time % Phy DF OF
1 Lars Eller Nick Spaling Jason Akeson 40 1 2 2
2 Corey Trivino Bryan Bickell Tyler Pitlick 30 1 2 2
3 Marek Zagrapan Jiri Sekac Jordan Szwarz 20 1 2 2
4 Peter Holland Charles Hudon Danny Kristo 10 1 2 2
5 vs 5 Defense
Defense Defense Time % Phy DF OF
1 Cameron Gaunce Philip Larsen 40 1 2 2
2 Brian Dumoulin Alex Petrovic 30 1 2 2
3 Viktor Loov Andrey Pedan 20 1 2 2
4 Nikita Nesterov Andrei Mironov 10 1 2 2
PowerPlay Forward
Center Left Wing Right Wing Time % Phy DF OF
1 Lars Eller Nick Spaling Jason Akeson 60 1 2 2
2 Corey Trivino Bryan Bickell Tyler Pitlick 40 1 2 2
PowerPlay Defense
Defense Defense Time % Phy DF OF
1 Cameron Gaunce Philip Larsen 60 1 2 2
2 Brian Dumoulin Alex Petrovic 40 1 2 2
Penalty Kill 4 Players Forward
Center Wing Time % Phy DF OF
1 Nick Spaling Jason Akeson 60 1 2 2
2 Lars Eller Tyler Pitlick 40 1 2 2
Penalty Kill 4 Players Defense
Defense Defense Time % Phy DF OF
1 Cameron Gaunce Philip Larsen 60 1 2 2
2 Brian Dumoulin Alex Petrovic 40 1 2 2
Penalty Kill - 3 Players Forward
Forward Time % Phy DF OF
1 Nick Spaling 60 1 2 2
2 Jason Akeson 40 1 2 2
Penalty Kill - 3 Players Defense
Defense Defense Time % Phy DF OF
1 Cameron Gaunce Philip Larsen 60 1 2 2
2 Brian Dumoulin Alex Petrovic 40 1 2 2
4 vs 4 Forward
Center Wing Time % Phy DF OF
1 Nick Spaling Jason Akeson 60 1 2 2
2 Lars Eller Tyler Pitlick 40 1 2 2
4 vs 4 Defense
Defense Defense Time % Phy DF OF
1 Cameron Gaunce Philip Larsen 60 1 2 2
2 Brian Dumoulin Alex Petrovic 40 1 2 2
Last Minutes Offensive
Center Left Wing Right Wing Defense Defense
Lars Eller Nick Spaling Jason Akeson Cameron Gaunce Philip Larsen
Last Minutes Defensive
Center Left Wing Right Wing Defense Defense
Lars Eller Nick Spaling Jason Akeson Cameron Gaunce Philip Larsen
Goaltenders
Starting : Andrew Hammond
Backup : Joni Ortio
Extra Forwards
Normal : Barclay Goodrow, Sergey Tolchinsky, Tobias Lindberg - PP : Barclay Goodrow, Sergey Tolchinsky - PK : Tobias Lindberg
Extra Defensemen
Normal : Tyler Lewington, David Musil, Viktor Loov - PP : Tyler Lewington - PK : David Musil, Viktor Loov
Penalty Shots
Nick Spaling, Jason Akeson, Lars Eller, Tyler Pitlick, Jordan Szwarz
Scratches
Darcy Kuemper (Healthy), Kristers Gudlevskis (Exhaustion)
% Time on Ice - Diables
Lines # - Real PCT - Wanted PCT - Time Play
Normal Forward
1 - 33% - 40% - 18:14
2 - 28% - 30% - 15:03
3 - 24% - 20% - 13:07
4 - 15% - 10% - 8:14
Normal Defense
1 - 37% - 40% - 20:24
2 - 33% - 30% - 17:50
3 - 21% - 20% - 11:20
4 - 9% - 10% - 5:04
PP Forward
1 - 73% - 60% - 1:39
2 - 27% - 40% - 0:36
PP Defense
1 - 80% - 60% - 1:48
2 - 20% - 40% - 0:27
PK Forward
1 - 85% - 60% - 1:41
2 - 15% - 40% - 0:18
PK Defense
1 - 66% - 60% - 1:18
2 - 34% - 40% - 0:41
PK3 Forward
1 - 0% - 60%
2 - 0% - 40%
PK3 Defense
1 - 0% - 60%
2 - 0% - 40%
44 Forward
1 - 0% - 60%
2 - 0% - 40%
44 Defense
1 - 0% - 60%
2 - 0% - 40%
Last Minute Offensive - 1:08
Last Minute Defensive - 0:00
Total
Forward - 60:00
Defense - 60:00
|
% Time on Ice - Diablos
Lines # - Real PCT - Wanted PCT - Time Play
Normal Forward
1 - 33% - 40% - 18:07
2 - 27% - 30% - 14:45
3 - 24% - 20% - 12:59
4 - 16% - 10% - 8:46
Normal Defense
1 - 39% - 40% - 21:29
2 - 30% - 30% - 16:36
3 - 20% - 20% - 10:57
4 - 10% - 10% - 5:35
PP Forward
1 - 57% - 60% - 1:08
2 - 43% - 40% - 0:51
PP Defense
1 - 58% - 60% - 1:09
2 - 42% - 40% - 0:50
PK Forward
1 - 85% - 60% - 1:55
2 - 15% - 40% - 0:20
PK Defense
1 - 70% - 60% - 1:34
2 - 30% - 40% - 0:41
PK3 Forward
1 - 0% - 60%
2 - 0% - 40%
PK3 Defense
1 - 0% - 60%
2 - 0% - 40%
44 Forward
1 - 0% - 60%
2 - 0% - 40%
44 Defense
1 - 0% - 60%
2 - 0% - 40%
Last Minute Offensive - 0:00
Last Minute Defensive - 1:09
Total
Forward - 60:00
Defense - 60:00
|
Play-by-Play
1st period
0:01 of 1st period - Jason Akeson wins face-off versus Evgeny Kuznetsov in neutral zone.
0:04 of 1st period - Mark Fraser is hit by Lars Eller and loses puck.
0:25 of 1st period - Corey Trivino is hit by Jan Mursak and loses puck.
0:32 of 1st period - Wrist shot by Mikko Lehtonen.
0:32 of 1st period - Stopped by Andrew Hammond with a rebound.
0:34 of 1st period - Slapshot by Pavel Valentenko.
0:34 of 1st period - Stopped by Andrew Hammond with a rebound.
0:36 of 1st period - Slapshot by Jan Mursak.
0:36 of 1st period - Stopped by Andrew Hammond with a rebound.
0:51 of 1st period - Snap shot by Cameron Gaunce.
0:51 of 1st period - Shot Blocked by Carl Gunnarsson.
1:11 of 1st period - Backhand shot by Jamie Oleksiak.
1:11 of 1st period - Deflect By Philip Larsen.
1:11 of 1st period - Stopped by Andrew Hammond without a rebound.
1:12 of 1st period - Lars Eller wins face-off versus Cole Cassels in Diablos zone.
1:12 of 1st period - Lars Eller is hit by Jamie Oleksiak.
2:04 of 1st period - Snap shot by Jan Mursak.
2:04 of 1st period - Shot Misses the Net.
2:24 of 1st period - Wrist shot by Jordan Szwarz.
2:24 of 1st period - Stopped by Garret Sparks with a rebound.
2:26 of 1st period - Wrist shot by Jiri Sekac.
2:26 of 1st period - Shot Misses the Net.
2:28 of 1st period - Snap shot by Marek Zagrapan.
2:28 of 1st period - Stopped by Garret Sparks with a rebound.
4:19 of 1st period - Wrist shot by Mikko Lehtonen.
4:19 of 1st period - Shot Misses the Net.
4:21 of 1st period - Slapshot by Carl Gunnarsson.
4:21 of 1st period - Stopped by Andrew Hammond without a rebound.
4:22 of 1st period - Chris Tierney wins face-off versus Peter Holland in Diablos zone.
4:25 of 1st period - Slapshot by Mikko Lehtonen.
4:25 of 1st period - Shot Misses the Net.
4:27 of 1st period - Wrist shot by Mikko Lehtonen.
4:27 of 1st period - Deflect By Chris Tierney.
4:27 of 1st period - Shot Blocked by Danny Kristo.
4:27 of 1st period - Puck is out of play.
4:28 of 1st period - Evgeny Kuznetsov wins face-off versus Lars Eller in Diablos zone.
5:35 of 1st period - Pavel Valentenko is hit by Viktor Loov and loses puck.
6:18 of 1st period - Slapshot by Mikko Lehtonen.
6:18 of 1st period - Goal by Mikko Lehtonen - Diables : 1 - Diablos : 0.
6:19 of 1st period - Lars Eller wins face-off versus Evgeny Kuznetsov in neutral zone.
6:35 of 1st period - Slapshot by Brandon Prust.
6:35 of 1st period - Shot Hit the Post.
6:53 of 1st period - Wrist shot by Mikko Lehtonen.
6:53 of 1st period - Deflect By Jan Mursak.
6:53 of 1st period - Stopped by Andrew Hammond with a rebound.
6:55 of 1st period - Snap shot by Jan Mursak.
6:55 of 1st period - Shot Misses the Net.
7:09 of 1st period - Wrist shot by Jordan Szwarz.
7:09 of 1st period - Goal by Jordan Szwarz - Diables : 1 - Diablos : 1.
7:10 of 1st period - Lars Eller wins face-off versus Brandon Prust in neutral zone.
7:36 of 1st period - Bryan Bickell is hit by Brandon Burlon and loses puck.
7:41 of 1st period - Snap shot by Jan Mursak.
7:41 of 1st period - Stopped by Andrew Hammond without a rebound.
7:42 of 1st period - Corey Trivino wins face-off versus Chris Tierney in Diablos zone.
7:47 of 1st period - Wrist shot by Corey Trivino.
7:47 of 1st period - Stopped by Garret Sparks with a rebound.
7:49 of 1st period - Wrist shot by Corey Trivino.
7:49 of 1st period - Stopped by Garret Sparks without a rebound.
7:50 of 1st period - Corey Trivino wins face-off versus Evgeny Kuznetsov in Diables zone.
7:53 of 1st period - Snap shot by Tyler Pitlick.
7:53 of 1st period - Shot Misses the Net.
7:55 of 1st period - Wrist shot by Bryan Bickell.
7:55 of 1st period - Deflect By Corey Trivino.
7:55 of 1st period - Goal by Corey Trivino - Diables : 1 - Diablos : 2.
7:56 of 1st period - Lars Eller wins face-off versus Evgeny Kuznetsov in neutral zone.
8:07 of 1st period - Lars Eller is hit by Evgeny Kuznetsov and loses puck.
8:22 of 1st period - Chris Tierney is hit by Bryan Bickell and loses puck.
8:29 of 1st period - Slapshot by Corey Trivino.
8:29 of 1st period - Stopped by Garret Sparks with a rebound.
8:31 of 1st period - Snap shot by Tyler Pitlick.
8:31 of 1st period - Deflect By Corey Trivino.
8:31 of 1st period - Stopped by Garret Sparks with a rebound.
8:33 of 1st period - Slapshot by Cameron Gaunce.
8:33 of 1st period - Stopped by Garret Sparks with a rebound.
8:35 of 1st period - Slapshot by Cameron Gaunce.
8:35 of 1st period - Stopped by Garret Sparks without a rebound.
8:36 of 1st period - Jordan Caron wins face-off versus Marek Zagrapan in Diables zone.
8:38 of 1st period - Minor Penalty to Jordan Caron for Hooking.
8:39 of 1st period - Brandon Prust wins face-off versus Nick Spaling in Diables zone.
8:49 of 1st period - Snap shot by Brandon Prust.
8:49 of 1st period - Stopped by Andrew Hammond with a rebound.
10:36 of 1st period - Icing by Brian Dumoulin.
10:37 of 1st period - Mikko Lehtonen wins face-off versus Sergey Tolchinsky in Diablos zone.
10:38 of 1st period - Penalty to Jordan Caron is over, Jordan Caron is back on ice.
10:38 of 1st period - Wrist shot by Jan Mursak.
10:38 of 1st period - Shot Misses the Net.
11:27 of 1st period - Jordan Szwarz is hit by Jamie Oleksiak.
11:47 of 1st period - Snap shot by Corey Trivino.
11:47 of 1st period - Stopped by Garret Sparks without a rebound.
11:48 of 1st period - Corey Trivino wins face-off versus Evgeny Kuznetsov in Diables zone.
11:59 of 1st period - Snap shot by Tyler Pitlick.
11:59 of 1st period - Shot Blocked by Carl Gunnarsson.
12:01 of 1st period - Wrist shot by Alex Petrovic.
12:01 of 1st period - Stopped by Garret Sparks without a rebound.
12:02 of 1st period - Evgeny Kuznetsov wins face-off versus Lars Eller in Diables zone.
12:24 of 1st period - Icing by Lars Eller.
12:25 of 1st period - Chris Tierney wins face-off versus Lars Eller in Diablos zone.
12:30 of 1st period - Wrist shot by Mikko Lehtonen.
12:30 of 1st period - Stopped by Andrew Hammond without a rebound.
12:31 of 1st period - Corey Trivino wins face-off versus Jan Mursak in Diablos zone.
13:45 of 1st period - Snap shot by Daniel Zaar.
13:45 of 1st period - Deflect By Christian Thomas.
13:45 of 1st period - Shot Blocked by Marek Zagrapan.
13:45 of 1st period - Puck is out of play.
13:46 of 1st period - Cole Cassels wins face-off versus Lars Eller in Diablos zone.
16:28 of 1st period - Snap shot by Evgeny Kuznetsov.
16:28 of 1st period - Stopped by Andrew Hammond with a rebound.
16:32 of 1st period - Snap shot by Jordan Caron.
16:32 of 1st period - Shot Misses the Net.
16:34 of 1st period - Snap shot by Jordan Caron.
16:34 of 1st period - Shot Misses the Net.
18:26 of 1st period - Icing by Viktor Loov.
18:27 of 1st period - Chris Tierney wins face-off versus Charles Hudon in Diablos zone.
18:28 of 1st period - Snap shot by Jan Mursak.
18:28 of 1st period - Stopped by Andrew Hammond with a rebound.
18:36 of 1st period - Andrey Pedan is hit by Mikko Lehtonen.
19:08 of 1st period - Minor Penalty to Viktor Loov for Hooking.
19:09 of 1st period - Jordan Caron wins face-off versus Nick Spaling in Diablos zone.
19:26 of 1st period - Icing by Jordan Caron.
19:27 of 1st period - Nick Spaling wins face-off versus Evgeny Kuznetsov in Diables zone.
19:28 of 1st period - Slapshot by Jason Akeson.
19:28 of 1st period - Deflect By Nick Spaling.
19:28 of 1st period - Shot Misses the Net.
19:28 of 1st period - Puck is out of play.
19:29 of 1st period - Nick Spaling wins face-off versus Evgeny Kuznetsov in Diables zone.
Goals for this period are 1 for Diables vs 2 for Diablos .
Shots for this period are 12 for Diables vs 12 for Diablos .
2nd period
0:01 of 2nd period - Nick Spaling wins face-off versus Evgeny Kuznetsov in neutral zone.
0:32 of 2nd period - Snap shot by Mikko Lehtonen.
0:32 of 2nd period - Deflect By Chris Tierney.
0:32 of 2nd period - Shot Blocked by Alex Petrovic.
0:32 of 2nd period - Puck is out of play.
0:33 of 2nd period - Chris Tierney wins face-off versus Nick Spaling in Diablos zone.
0:54 of 2nd period - Snap shot by Carl Gunnarsson.
0:54 of 2nd period - Deflect By Evgeny Kuznetsov.
0:54 of 2nd period - Stopped by Andrew Hammond with a rebound.
1:00 of 2nd period - Slapshot by Tyler Pitlick.
1:00 of 2nd period - Shot Misses the Net.
1:08 of 2nd period - Penalty to Viktor Loov is over, Viktor Loov is back on ice.
1:35 of 2nd period - Off-side.
1:36 of 2nd period - Corey Trivino wins face-off versus Evgeny Kuznetsov in neutral zone.
1:40 of 2nd period - Off-side.
1:41 of 2nd period - Evgeny Kuznetsov wins face-off versus Corey Trivino in neutral zone.
1:56 of 2nd period - Wrist shot by Tyler Pitlick.
1:56 of 2nd period - Shot Misses the Net.
2:38 of 2nd period - Philip Larsen is hit by Pavel Valentenko and loses puck.
2:59 of 2nd period - Snap shot by Tyler Pitlick.
2:59 of 2nd period - Shot Misses the Net.
3:07 of 2nd period - Wrist shot by Brandon Prust.
3:07 of 2nd period - Shot Misses the Net.
3:09 of 2nd period - Slapshot by Pavel Valentenko.
3:09 of 2nd period - Shot Blocked by Cameron Gaunce.
3:11 of 2nd period - Wrist shot by Evgeny Kuznetsov.
3:11 of 2nd period - Stopped by Andrew Hammond without a rebound.
3:12 of 2nd period - Lars Eller wins face-off versus Chris Tierney in Diablos zone.
3:48 of 2nd period - Slapshot by Jordan Szwarz.
3:48 of 2nd period - Stopped by Garret Sparks with a rebound.
4:03 of 2nd period - Snap shot by Peter Holland.
4:03 of 2nd period - Shot Misses the Net.
4:07 of 2nd period - Wrist shot by Danny Kristo.
4:07 of 2nd period - Stopped by Garret Sparks with a rebound.
4:48 of 2nd period - Icing by Michal Repik.
4:49 of 2nd period - Louis Leblanc wins face-off versus Peter Holland in Diables zone.
4:56 of 2nd period - Snap shot by Danny Kristo.
4:56 of 2nd period - Stopped by Garret Sparks with a rebound.
5:23 of 2nd period - Snap shot by Lars Eller.
5:23 of 2nd period - Stopped by Garret Sparks without a rebound.
5:24 of 2nd period - Lars Eller wins face-off versus Evgeny Kuznetsov in Diables zone.
6:39 of 2nd period - Slapshot by Daniel Zaar.
6:39 of 2nd period - Shot Blocked by Alex Petrovic.
6:41 of 2nd period - Slapshot by Daniel Zaar.
6:41 of 2nd period - Shot Hit the Post.
6:43 of 2nd period - Wrist shot by Daniel Zaar.
6:43 of 2nd period - Deflect By Christian Thomas.
6:43 of 2nd period - Shot Blocked by Brian Dumoulin.
6:43 of 2nd period - Puck is out of play.
6:44 of 2nd period - Lars Eller wins face-off versus Evgeny Kuznetsov in Diablos zone.
6:57 of 2nd period - Snap shot by Lars Eller.
6:57 of 2nd period - Stopped by Garret Sparks without a rebound.
6:58 of 2nd period - Nick Spaling wins face-off versus Evgeny Kuznetsov in Diables zone.
7:05 of 2nd period - Cameron Gaunce is hit by Brandon Prust and loses puck.
7:33 of 2nd period - Snap shot by Mikko Lehtonen.
7:33 of 2nd period - Shot Misses the Net.
9:07 of 2nd period - Wrist shot by Taylor Beck.
9:07 of 2nd period - Stopped by Andrew Hammond without a rebound.
9:08 of 2nd period - Marek Zagrapan wins face-off versus Louis Leblanc in Diablos zone.
9:17 of 2nd period - Slapshot by Marek Zagrapan.
9:17 of 2nd period - Shot Misses the Net.
9:37 of 2nd period - Snap shot by Lars Eller.
9:37 of 2nd period - Shot Misses the Net.
9:59 of 2nd period - Slapshot by Jan Mursak.
9:59 of 2nd period - Shot Misses the Net.
10:01 of 2nd period - Slapshot by Pavel Valentenko.
10:01 of 2nd period - Stopped by Andrew Hammond without a rebound.
10:02 of 2nd period - Lars Eller wins face-off versus Brandon Prust in Diablos zone.
10:02 of 2nd period - Lars Eller is hit by Evgeny Kuznetsov.
10:12 of 2nd period - Wrist shot by Jordan Caron.
10:12 of 2nd period - Shot Misses the Net.
10:14 of 2nd period - Backhand shot by Mark Fraser.
10:14 of 2nd period - Shot Misses the Net.
10:33 of 2nd period - Snap shot by Jan Mursak.
10:33 of 2nd period - Stopped by Andrew Hammond without a rebound.
10:34 of 2nd period - Corey Trivino wins face-off versus Chris Tierney in Diablos zone.
10:45 of 2nd period - Philip Larsen is hit by Jan Mursak and loses puck.
11:10 of 2nd period - Snap shot by Lars Eller.
11:10 of 2nd period - Stopped by Garret Sparks with a rebound.
11:33 of 2nd period - Snap shot by Jordan Szwarz.
11:33 of 2nd period - Shot Misses the Net.
11:43 of 2nd period - Jordan Szwarz is hit by Louis Leblanc.
12:01 of 2nd period - Brandon Burlon is hit by Marek Zagrapan and loses puck.
12:18 of 2nd period - Alex Petrovic is hit by Brandon Burlon and loses puck.
13:20 of 2nd period - Snap shot by Jiri Sekac.
13:20 of 2nd period - Shot Misses the Net.
13:26 of 2nd period - Snap shot by Marek Zagrapan.
13:26 of 2nd period - Shot Misses the Net.
13:30 of 2nd period - Wrist shot by Marek Zagrapan.
13:30 of 2nd period - Stopped by Garret Sparks with a rebound.
13:54 of 2nd period - Wrist shot by Jordan Szwarz.
13:54 of 2nd period - Shot Misses the Net.
13:56 of 2nd period - Slapshot by Alex Petrovic.
13:56 of 2nd period - Shot Misses the Net.
13:58 of 2nd period - Wrist shot by Jiri Sekac.
13:58 of 2nd period - Shot Misses the Net.
14:10 of 2nd period - Slapshot by Jiri Sekac.
14:10 of 2nd period - Stopped by Garret Sparks with a rebound.
14:12 of 2nd period - Slapshot by Marek Zagrapan.
14:12 of 2nd period - Deflect By Jiri Sekac.
14:12 of 2nd period - Shot Blocked by Mark Fraser.
14:12 of 2nd period - Puck is out of play.
14:13 of 2nd period - Lars Eller wins face-off versus Evgeny Kuznetsov in Diables zone.
14:42 of 2nd period - Jan Mursak is hit by Cameron Gaunce and loses puck.
15:09 of 2nd period - Wrist shot by Michal Repik.
15:09 of 2nd period - Stopped by Andrew Hammond without a rebound.
15:10 of 2nd period - Evgeny Kuznetsov wins face-off versus Lars Eller in Diablos zone.
16:08 of 2nd period - Danny Kristo is hit by Taylor Beck and loses puck.
16:21 of 2nd period - Snap shot by Brandon Prust.
16:21 of 2nd period - Stopped by Andrew Hammond with a rebound.
16:27 of 2nd period - Jordan Caron is hit by Jason Akeson and loses puck.
16:44 of 2nd period - Slapshot by Corey Trivino.
16:44 of 2nd period - Shot Blocked by Chris Tierney.
17:05 of 2nd period - Slapshot by Carl Gunnarsson.
17:05 of 2nd period - Shot Blocked by Philip Larsen.
18:20 of 2nd period - Icing by Brandon Burlon.
18:21 of 2nd period - Corey Trivino wins face-off versus Louis Leblanc in Diables zone.
18:47 of 2nd period - Philip Larsen is hit by Mikko Lehtonen and loses puck.
19:49 of 2nd period - Andrey Pedan is hit by Taylor Beck.
Goals for this period are 0 for Diables vs 0 for Diablos .
Shots for this period are 7 for Diables vs 8 for Diablos .
3rd period
0:01 of 3rd period - Brandon Prust wins face-off versus Lars Eller in neutral zone.
0:26 of 3rd period - Brandon Burlon is hit by Tyler Pitlick and loses puck.
0:34 of 3rd period - Minor Penalty to Tyler Pitlick for Tripping.
0:35 of 3rd period - Nick Spaling wins face-off versus Evgeny Kuznetsov in Diablos zone.
0:50 of 3rd period - Snap shot by Evgeny Kuznetsov.
0:50 of 3rd period - Goal by Evgeny Kuznetsov - Diables : 2 - Diablos : 2.
0:51 of 3rd period - Evgeny Kuznetsov wins face-off versus Lars Eller in neutral zone.
0:58 of 3rd period - Wrist shot by Jordan Caron.
0:58 of 3rd period - Shot Misses the Net.
1:00 of 3rd period - Slapshot by Brandon Burlon.
1:00 of 3rd period - Stopped by Andrew Hammond without a rebound.
1:01 of 3rd period - Evgeny Kuznetsov wins face-off versus Lars Eller in Diablos zone.
1:02 of 3rd period - Slapshot by Brandon Prust.
1:02 of 3rd period - Stopped by Andrew Hammond with a rebound.
1:04 of 3rd period - Wrist shot by Brandon Prust.
1:04 of 3rd period - Stopped by Andrew Hammond with a rebound.
1:06 of 3rd period - Wrist shot by Jordan Caron.
1:06 of 3rd period - Stopped by Andrew Hammond with a rebound.
1:08 of 3rd period - Snap shot by Mark Fraser.
1:08 of 3rd period - Stopped by Andrew Hammond with a rebound.
1:10 of 3rd period - Wrist shot by Brandon Prust.
1:10 of 3rd period - Stopped by Andrew Hammond without a rebound.
1:11 of 3rd period - Evgeny Kuznetsov wins face-off versus Lars Eller in Diablos zone.
1:16 of 3rd period - Slapshot by Brandon Prust.
1:16 of 3rd period - Shot Blocked by Philip Larsen.
1:41 of 3rd period - Alex Petrovic is hit by Louis Leblanc and loses puck.
1:46 of 3rd period - Snap shot by Taylor Beck.
1:46 of 3rd period - Stopped by Andrew Hammond with a rebound.
1:48 of 3rd period - Slapshot by Mark Fraser.
1:48 of 3rd period - Deflect By Taylor Beck.
1:48 of 3rd period - Stopped by Andrew Hammond without a rebound.
1:49 of 3rd period - Evgeny Kuznetsov wins face-off versus Corey Trivino in Diablos zone.
1:57 of 3rd period - Cameron Gaunce is hit by Jordan Caron and loses puck.
2:16 of 3rd period - Jan Mursak is hit by Jordan Szwarz.
2:36 of 3rd period - Wrist shot by Jiri Sekac.
2:36 of 3rd period - Stopped by Garret Sparks with a rebound.
2:38 of 3rd period - Slapshot by Brian Dumoulin.
2:38 of 3rd period - Stopped by Garret Sparks without a rebound.
2:39 of 3rd period - Peter Holland wins face-off versus Louis Leblanc in Diables zone.
2:39 of 3rd period - Cameron Gaunce is hit by Louis Leblanc and loses puck.
2:42 of 3rd period - Snap shot by Cameron Gaunce.
2:42 of 3rd period - Shot Misses the Net.
2:44 of 3rd period - Wrist shot by Philip Larsen.
2:44 of 3rd period - Shot Misses the Net.
2:46 of 3rd period - Snap shot by Charles Hudon.
2:46 of 3rd period - Stopped by Garret Sparks without a rebound.
2:47 of 3rd period - Evgeny Kuznetsov wins face-off versus Lars Eller in Diables zone.
3:11 of 3rd period - Icing by Brandon Burlon.
3:12 of 3rd period - Chris Tierney wins face-off versus Corey Trivino in Diables zone.
3:23 of 3rd period - Snap shot by Bryan Bickell.
3:23 of 3rd period - Goal by Bryan Bickell - Diables : 2 - Diablos : 3.
3:24 of 3rd period - Lars Eller wins face-off versus Evgeny Kuznetsov in neutral zone.
3:35 of 3rd period - Snap shot by Jason Akeson.
3:35 of 3rd period - Shot Blocked by Brandon Burlon.
3:37 of 3rd period - Snap shot by Nick Spaling.
3:37 of 3rd period - Shot Blocked by Evgeny Kuznetsov.
3:39 of 3rd period - Slapshot by Lars Eller.
3:39 of 3rd period - Shot Misses the Net.
3:49 of 3rd period - Jan Mursak is hit by Philip Larsen and loses puck.
4:16 of 3rd period - Wrist shot by Bryan Bickell.
4:16 of 3rd period - Stopped by Garret Sparks with a rebound.
5:17 of 3rd period - Wrist shot by Jan Mursak.
5:17 of 3rd period - Shot Misses the Net.
6:15 of 3rd period - Slapshot by Brandon Burlon.
6:15 of 3rd period - Shot Misses the Net.
6:17 of 3rd period - Slapshot by Mark Fraser.
6:17 of 3rd period - Shot Misses the Net.
6:57 of 3rd period - Wrist shot by Lars Eller.
6:57 of 3rd period - Shot Blocked by Michal Repik.
6:59 of 3rd period - Backhand shot by Nick Spaling.
6:59 of 3rd period - Shot Misses the Net.
7:01 of 3rd period - Snap shot by Jason Akeson.
7:01 of 3rd period - Shot Misses the Net.
7:15 of 3rd period - Snap shot by Jiri Sekac.
7:15 of 3rd period - Stopped by Garret Sparks with a rebound.
7:17 of 3rd period - Wrist shot by Jordan Szwarz.
7:17 of 3rd period - Stopped by Garret Sparks with a rebound.
7:19 of 3rd period - Snap shot by Jiri Sekac.
7:19 of 3rd period - Stopped by Garret Sparks without a rebound.
7:20 of 3rd period - Chris Tierney wins face-off versus Marek Zagrapan in Diables zone.
7:29 of 3rd period - Snap shot by Jan Mursak.
7:29 of 3rd period - Shot Misses the Net.
7:31 of 3rd period - Slapshot by Chris Bigras.
7:31 of 3rd period - Deflect By Jan Mursak.
7:31 of 3rd period - Goal by Jan Mursak - Diables : 3 - Diablos : 3.
7:32 of 3rd period - Lars Eller wins face-off versus Brandon Prust in neutral zone.
7:32 of 3rd period - Lars Eller is hit by Evgeny Kuznetsov.
7:41 of 3rd period - Icing by Mark Fraser.
7:42 of 3rd period - Evgeny Kuznetsov wins face-off versus Lars Eller in Diables zone.
7:51 of 3rd period - Wrist shot by Nick Spaling.
7:51 of 3rd period - Stopped by Garret Sparks without a rebound.
7:52 of 3rd period - Lars Eller wins face-off versus Evgeny Kuznetsov in Diables zone.
8:07 of 3rd period - Wrist shot by Jordan Caron.
8:07 of 3rd period - Shot Blocked by Cameron Gaunce.
8:19 of 3rd period - Bryan Bickell is hit by Jan Mursak and loses puck.
8:41 of 3rd period - Snap shot by Jordan Szwarz.
8:41 of 3rd period - Stopped by Garret Sparks without a rebound.
8:42 of 3rd period - Jordan Szwarz wins face-off versus Louis Leblanc in Diables zone.
8:47 of 3rd period - Wrist shot by Jordan Szwarz.
8:47 of 3rd period - Shot Misses the Net.
8:49 of 3rd period - Slapshot by Brian Dumoulin.
8:49 of 3rd period - Shot Misses the Net.
8:51 of 3rd period - Slapshot by Alex Petrovic.
8:51 of 3rd period - Stopped by Garret Sparks with a rebound.
8:53 of 3rd period - Wrist shot by Jiri Sekac.
8:53 of 3rd period - Stopped by Garret Sparks with a rebound.
9:35 of 3rd period - Wrist shot by Jordan Szwarz.
9:35 of 3rd period - Stopped by Garret Sparks with a rebound.
9:37 of 3rd period - Slapshot by Nikita Nesterov.
9:37 of 3rd period - Stopped by Garret Sparks with a rebound.
9:47 of 3rd period - Wrist shot by Jordan Szwarz.
9:47 of 3rd period - Stopped by Garret Sparks with a rebound.
9:49 of 3rd period - Slapshot by Jiri Sekac.
9:49 of 3rd period - Shot Blocked by Brandon Burlon.
9:51 of 3rd period - Wrist shot by Jiri Sekac.
9:51 of 3rd period - Stopped by Garret Sparks with a rebound.
9:53 of 3rd period - Wrist shot by Jiri Sekac.
9:53 of 3rd period - Shot Misses the Net.
9:59 of 3rd period - Snap shot by Jordan Szwarz.
9:59 of 3rd period - Shot Misses the Net.
10:01 of 3rd period - Snap shot by Jordan Szwarz.
10:01 of 3rd period - Shot Blocked by Brandon Burlon.
10:15 of 3rd period - Slapshot by Louis Leblanc.
10:15 of 3rd period - Stopped by Andrew Hammond with a rebound.
10:31 of 3rd period - Wrist shot by Jordan Szwarz.
10:31 of 3rd period - Shot Misses the Net.
10:33 of 3rd period - Slapshot by Jiri Sekac.
10:33 of 3rd period - Stopped by Garret Sparks with a rebound.
10:35 of 3rd period - Wrist shot by Jiri Sekac.
10:35 of 3rd period - Stopped by Garret Sparks without a rebound.
10:36 of 3rd period - Lars Eller wins face-off versus Evgeny Kuznetsov in Diables zone.
10:51 of 3rd period - Slapshot by Brian Dumoulin.
10:51 of 3rd period - Stopped by Garret Sparks without a rebound.
10:52 of 3rd period - Corey Trivino wins face-off versus Chris Tierney in Diables zone.
11:17 of 3rd period - Jamie Oleksiak is hit by Nick Spaling.
11:23 of 3rd period - Snap shot by Lars Eller.
11:23 of 3rd period - Stopped by Garret Sparks with a rebound.
11:25 of 3rd period - Slapshot by Brian Dumoulin.
11:25 of 3rd period - Shot Misses the Net.
11:27 of 3rd period - Slapshot by Brian Dumoulin.
11:27 of 3rd period - Stopped by Garret Sparks with a rebound.
11:42 of 3rd period - Cameron Gaunce is hit by Pavel Valentenko and loses puck.
11:56 of 3rd period - Icing by Philip Larsen.
11:57 of 3rd period - Mikko Lehtonen wins face-off versus Peter Holland in Diablos zone.
13:03 of 3rd period - Snap shot by Chris Tierney.
13:03 of 3rd period - Shot Misses the Net.
13:07 of 3rd period - Wrist shot by Chris Tierney.
13:07 of 3rd period - Stopped by Andrew Hammond with a rebound.
13:15 of 3rd period - Wrist shot by Corey Trivino.
13:15 of 3rd period - Stopped by Garret Sparks with a rebound.
13:27 of 3rd period - Backhand shot by Tyler Pitlick.
13:27 of 3rd period - Shot Misses the Net.
13:46 of 3rd period - Snap shot by Tyler Pitlick.
13:46 of 3rd period - Stopped by Garret Sparks with a rebound.
13:48 of 3rd period - Snap shot by Bryan Bickell.
13:48 of 3rd period - Shot Misses the Net.
13:50 of 3rd period - Wrist shot by Bryan Bickell.
13:50 of 3rd period - Goal by Bryan Bickell - Diables : 3 - Diablos : 4.
13:51 of 3rd period - Lars Eller wins face-off versus Evgeny Kuznetsov in neutral zone.
14:01 of 3rd period - Snap shot by Jordan Caron.
14:01 of 3rd period - Stopped by Andrew Hammond without a rebound.
14:02 of 3rd period - Lars Eller wins face-off versus Evgeny Kuznetsov in Diablos zone.
14:02 of 3rd period - Lars Eller is hit by Brandon Prust.
14:37 of 3rd period - Snap shot by Taylor Beck.
14:37 of 3rd period - Stopped by Andrew Hammond without a rebound.
14:38 of 3rd period - Evgeny Kuznetsov wins face-off versus Nick Spaling in Diablos zone.
14:41 of 3rd period - Slapshot by Brandon Prust.
14:41 of 3rd period - Stopped by Andrew Hammond without a rebound.
14:42 of 3rd period - Lars Eller wins face-off versus Evgeny Kuznetsov in Diablos zone.
14:49 of 3rd period - Evgeny Kuznetsov is hit by Nick Spaling.
15:52 of 3rd period - Off-side.
15:53 of 3rd period - Marek Zagrapan wins face-off versus Evgeny Kuznetsov in neutral zone.
17:02 of 3rd period - Slapshot by Tyler Pitlick.
17:02 of 3rd period - Shot Blocked by Pavel Valentenko.
17:04 of 3rd period - Slapshot by Cameron Gaunce.
17:04 of 3rd period - Shot Misses the Net.
17:06 of 3rd period - Slapshot by Philip Larsen.
17:06 of 3rd period - Stopped by Garret Sparks with a rebound.
17:31 of 3rd period - Icing by Carl Gunnarsson.
17:32 of 3rd period - Corey Trivino wins face-off versus Chris Tierney in Diables zone.
18:03 of 3rd period - Slapshot by Evgeny Kuznetsov.
18:03 of 3rd period - Shot Misses the Net.
18:17 of 3rd period - Wrist shot by Taylor Beck.
18:17 of 3rd period - Stopped by Andrew Hammond without a rebound.
18:18 of 3rd period - Louis Leblanc wins face-off versus Marek Zagrapan in Diablos zone.
18:29 of 3rd period - Snap shot by Michal Repik.
18:29 of 3rd period - Stopped by Andrew Hammond without a rebound.
18:30 of 3rd period - Lars Eller wins face-off versus Evgeny Kuznetsov in Diablos zone.
18:45 of 3rd period - Diables, Garret Sparks is pulled from the net.
19:10 of 3rd period - Wrist shot by Jason Akeson.
19:10 of 3rd period - Shot Blocked by Evgeny Kuznetsov.
19:12 of 3rd period - Snap shot by Jason Akeson.
19:12 of 3rd period - Deflect By Lars Eller.
19:12 of 3rd period - Shot Misses the Net.
19:12 of 3rd period - Puck is out of play.
19:13 of 3rd period - Larry Robinson call a timeout for Diables.
19:13 of 3rd period - Garret Sparks from Diables was sent back in the game.
19:13 of 3rd period - Lars Eller wins face-off versus Evgeny Kuznetsov in Diables zone.
19:23 of 3rd period - Icing by Mark Fraser.
19:24 of 3rd period - Lars Eller wins face-off versus Evgeny Kuznetsov in Diables zone.
19:27 of 3rd period - Snap shot by Nick Spaling.
19:27 of 3rd period - Stopped by Garret Sparks with a rebound.
Goals for this period are 2 for Diables vs 2 for Diablos .
Shots for this period are 17 for Diables vs 26 for Diablos .
Back to the Top